cohdb
Replays
Latest Replays
All Replays
Popular Replays
Top Player Replays
Match Explorer
How It Works
Community
CoH3 Stats
Reddit
Sign in to upload your games and track your stats! →
Sign in with Steam
Match 35563946
Unlisted
Match 35563946
Overview
Messages
Build Orders
End
Construct Section Command Post
Royal Engineer Section
Selects Air and Sea Battlegroup
Dingo Light Scout Car
Infantry Section
Construct Platoon Command Post
Infantry Section
Unlock Bishop Self-propelled Artillery
Selects Supply Surplus
Bishop Self-propelled Artillery
Selects Supply Surplus
6-pounder Anti-tank Gun Team
Construct Company Command Post
Light Vehicle Training
Matilda II Heavy Tank
Unlock M3 Grant Medium Tanks
Selects Centaur Medium Tank
Construct Field Infirmary
DanBruhhDan
NOBODYCARE
EBANATOR
Vaggelaras
Eisenkreuzkrieger
Frontschwein
Eisenschwein
landkreuzer
0
0
Comments
sign in to comment!
No comments posted yet!